 Dungeon Crawl Stone Soup version 0.31-a0-319-g4fced400ed (webtiles) character file.

Game seed: 10982144719488105329

4418 LeprechaunX the Grappler (level 10, -3/68 HPs)
             Began as an Octopode Shapeshifter on July 17, 2023.
             Was a Believer of Cheibriados.
             Slain by a troll (7 damage)
             ... on level 10 of the Dungeon.
             The game lasted 00:22:27 (7373 turns).

LeprechaunX the Grappler (Octopode Shapeshifter)    Turns: 7373, Time: 00:22:29

Health: -3/68      AC:  1    Str: 34    XL:     10   Next: 36%
Magic:  0/13       EV: 15    Int: 17    God:    Cheibriados [**....]
Gold:   429        SH:  0    Dex: 21    Spells: 9/9 levels left

rFire   . .          .
                       - Unarmed
rCold   . . .        (no shield)
rNeg    + . .        (helmet currently unavailable)
rPois   .            G - amulet of guardian spirit
rElec   .            e - +6 ring of strength
rCorr   .            g - +6 ring of strength
SInv    .            y - ring of positive energy
Will    .....        (no ring)
Stlth   +++          (no ring)
HPRegen 0.31/turn    (no ring)
MPRegen 0.13/turn    (no ring)
                     (no ring)

%: guardian spirit
@: beast-form, very slow
A: beast (slay +5), almost no armour, amphibious, 8 rings, camouflage 1,
gelatinous body 1, (nimble swimmer 1), tentacles
a: Begin Untransformation, Renounce Religion, Bend Time


You were on level 10 of the Dungeon.
You worshipped Cheibriados.
Cheibriados was pleased with you.
You were a hulking beast.
You visited 1 branch of the dungeon, and saw 10 of its levels.

You collected 429 gold pieces.

Inventory:

Hand Weapons
 a - a +0 orcbow
Missiles
 t - a boomerang (quivered)
 D - 2 throwing nets
Jewellery
 e - a +6 ring of strength (left tentacle)
 g - a +6 ring of strength (right tentacle)
 i - an amulet of faith
 y - a ring of positive energy (on tentacle)
 G - an amulet of guardian spirit (around mantle)
Talismans
 b - a beast talisman
 H - a maw talisman
Wands
 u - a wand of charming (7)
 w - a wand of quicksilver (11)
 z - a wand of iceblast (7)
 E - a wand of digging (5)
Scrolls
 c - 10 scrolls of identify {unknown}
 f - 8 scrolls of teleportation {unknown}
 h - 2 scrolls of vulnerability {unknown}
 k - 2 scrolls of enchant weapon {unknown}
 n - 3 scrolls of enchant armour {unknown}
 o - a scroll of blinking {unknown}
 v - a scroll of torment {unknown}
 x - a scroll of amnesia {unknown}
 F - a scroll of poison {unknown}
Potions
 d - 3 potions of heal wounds {unknown}
 j - a potion of cancellation {unknown}
 l - 3 potions of berserk rage {unknown}
 m - 2 potions of haste {unknown}
 p - 4 potions of curing {unknown}
 q - a potion of ambrosia {unknown}
 r - a potion of mutation {unknown}
 s - a potion of resistance {unknown}
 A - a potion of enlightenment {unknown}
 B - a potion of attraction {unknown}
 C - a potion of magic {unknown}


   Skills:
 + Level 6.1 Fighting
 + Level 2.1 Ranged Weapons
 - Level 4.0 Dodging
 * Level 8.8 Unarmed Combat
 + Level 4.9 Invocations
 * Level 7.7 Shapeshifting


You had 9 spell levels left.
You didn't know any spells.
Your spell library contained the following spells:

 Spells                   Type           Power      Damage    Failure   Level
 Summon Small Mammal      Summ           0%         N/A       24%         1
 Call Canine Familiar     Summ           0%         N/A       56%         3
 Summon Guardian Golem    Hex/Summ       0%         N/A       56%         3
 Summon Forest            Summ/Tloc      0%         N/A       100%        5
 Eringya's Noxious Bog    Tmut/Pois      0%         4d6       100%        6
 Summon Hydra             Summ           0%         N/A       100%        7


Dungeon Overview and Level Annotations

Branches:
Dungeon (9/15)             Temple (0/1) D:7
   Lair: D:8-11         Orc: D:9-12

Altars:
Cheibriados
Dithmenos
Elyvilon
Fedhas
Gozag
Ru
Trog
Yredelemnul
The Shining One

Shops:
D:1 !:(!(

Annotations:
D:7 Gnoll Vault Amulet, IYTBazzie's ghost, novice MfHu
D:8 Joseph
D:10 Erolcha


Innate Abilities, Weirdness & Mutations

You are a hulking beast.
Your limbs bulge with bestial killing power. (Slay +5)
You cannot wear most types of armour.
You are amphibious.
You can wear up to eight rings at the same time.
Your skin changes colour to match your surroundings (Stealth+).
Your rubbery body absorbs attacks. (AC +1, EV +1)
((You are camouflaged when in or above water. (Stealth+)))
You have tentacles for arms and can constrict up to eight enemies at once.


Message History

The bolt of dispelling energy hits the orc warrior!
The orc warrior is moderately wounded.
The bolt of dispelling energy hits the troll!
The troll is moderately wounded.
The orc warrior hits you with a +0 scimitar!!
Erolcha casts a spell.
Erolcha flickers and vanishes!
Deactivating autopickup; reactivate with Ctrl-A.
You tentacle-slap the orc warrior. You grab the orc warrior.
Your squeeze misses the orc warrior.
The orc warrior is moderately wounded.
You constrict the orc warrior. You completely miss the orc warrior.
You squeeze the orc warrior!
The orc warrior is almost dead.
You constrict the orc warrior.
The orc warrior hits you with a +0 scimitar.
You tentacle-slap the orc warrior but do no damage.
You squeeze the orc warrior, but do no damage.
The orc warrior is almost dead.
You constrict the orc warrior.
You kill the orc warrior!
Cheibriados appreciates the change of pace.
You tentacle-slap the troll.
The troll is heavily wounded.
The troll closely misses you. The troll claws you!
The troll claws you but does no damage.
You tentacle-slap the troll.
The troll is heavily wounded.
You hear some strange, mumbled words.
The troll completely misses you. The troll claws you.
* * * LOW HITPOINT WARNING * * *
The troll misses you.
You tentacle-slap the troll. You squeeze the troll!
The troll is severely wounded.
The troll bites you!
* * * LOW HITPOINT WARNING * * *
The troll claws you!
* * * LOW HITPOINT WARNING * * *
The troll claws you!
You die...

.. ... .##... #.#... ##
..... . g ###. ...##..
...#...#######.......
g.......#)hT§........
#.#....###.)......
#.#...............
#.##...###...........
###..........###........
..............#
#........
..............#
#........
..............#
........^ .............#
........#


You could see a troll.

Vanquished Creatures
  Pikel (D:8)
  Grinder (D:5)
  Grum (D:8)
  A steam dragon (D:6)
  2 wyverns
  2 water moccasins
  An orc warrior (D:10)
  A sky beast (D:8)
  An ice beast (D:7)
  3 black bears
  2 ogres
  4 wolves (D:8)
  A centaur (D:8)
  3 phantoms (D:5)
  Blork the orc (D:4)
  3 bullfrogs
  A gnoll sergeant (D:8)
  4 scorpions
  5 wights (D:7)
  3 jellies
  An orc priest (D:4)
  3 gnoll boudas
  3 hounds
  An iguana (D:5)
  8 orc wizards
  19 gnolls
  7 adders
  An ufetubus (D:6)
  4 dart slugs
  4 worms
  24 orcs
  4 ball pythons
  6 bats
  9 endoplasms
  4 giant cockroaches
  16 goblins
  6 hobgoblins
  2 quokkas
  3 frilled lizards
  3 kobolds
  3 rats
172 creatures vanquished.

Notes
Turn   | Place    | Note
-------+----------+-------------------------------------------
     0 | D:1      | LeprechaunX the Octopode Shapeshifter began the quest for
                  | the Orb.
     0 | D:1      | Reached XP level 1. HP: 14/14 MP: 1/1
    27 | D:1      | Found a faded altar of an unknown god.
    97 | D:1      | Found Loulutz's Distillery.
   101 | D:1      | Found Osmeo's Weapon Emporium.
   108 | D:1      | Reached XP level 2. HP: 17/19 MP: 2/2
   373 | D:1      | Found Hyur's Book Emporium.
   378 | D:1      | Found Qilewnim's Weapon Shoppe.
   623 | D:1      | Reached XP level 3. HP: 24/24 MP: 3/3
   845 | D:1      | Found Goafy's Distillery.
  1125 | D:2      | Reached XP level 4. HP: 7/30 MP: 4/4
  1149 | D:2      | Reached skill level 3 in Unarmed Combat
  1653 | D:3      | Reached XP level 5. HP: 35/35 MP: 5/5
  1932 | D:3      | Noticed a water moccasin
  1945 | D:2      | Killed a water moccasin
  1946 | D:2      | Reached XP level 6. HP: 15/42 MP: 6/6
  2126 | D:3      | Reached skill level 4 in Unarmed Combat
  2247 | D:4      | Noticed a black bear
  2420 | D:4      | Noticed Blork the orc
  2420 | D:4      | Noticed a black bear
  2550 | D:3      | HP: 2/42 [black bear (4)]
  2571 | D:3      | Killed a black bear
  2572 | D:3      | Reached XP level 7. HP: 9/46 MP: 7/7
  3199 | D:4      | Reached skill level 5 in Unarmed Combat
  3368 | D:4      | Killed Blork the orc
  3484 | D:5      | Entered Level 5 of the Dungeon
  3521 | D:5      | Reached skill level 5 in Shapeshifting
  3568 | D:5      | Noticed Grinder
  3592 | D:5      | Paralysed by Grinder for 5 turns
  3742 | D:5      | Found a sacrificial altar of Ru.
  3748 | D:5      | Found a shadowy altar of Dithmenos.
  3749 | D:5      | Found a white marble altar of Elyvilon.
  3750 | D:5      | Found a snail-covered altar of Cheibriados.
  3751 | D:5      | Found a glowing golden altar of the Shining One.
  3753 | D:5      | Found a bloodstained altar of Trog.
  3754 | D:5      | Found a blossoming altar of Fedhas.
  3759 | D:5      | Became a worshipper of Cheibriados the Contemplative
  3776 | D:5      | Reached XP level 8. HP: 51/54 MP: 8/8
  3909 | D:5      | Reached skill level 1 in Invocations
  4174 | D:5      | Reached skill level 6 in Unarmed Combat
  4535 | D:5      | Killed Grinder
  4847 | D:6      | Found a basalt altar of Yredelemnul.
  4850 | D:6      | Found an opulent altar of Gozag.
  4933 | D:6      | Reached * piety under Cheibriados
  5037 | D:6      | Reached XP level 9. HP: 60/60 MP: 9/11
  5148 | D:6      | Reached skill level 7 in Unarmed Combat
  5479 | D:7      | Reached skill level 5 in Fighting
  5635 | D:7      | Found a staircase to the Ecumenical Temple.
  5719 | D:7      | Noticed IYTBazzie's ghost (novice MfHu)
  5749 | D:7      | Found a transporter.
  5780 | D:7      | Found a transporter.
  6062 | D:7      | Reached ** piety under Cheibriados
  6418 | D:8      | Reached skill level 8 in Unarmed Combat
  6773 | D:8      | Reached XP level 10. HP: 58/68 MP: 10/13
  6777 | D:8      | Reached skill level 1 in Ranged Weapons
  6789 | D:8      | Noticed Pikel
  6807 | D:8      | Killed Pikel
  6838 | D:8      | Noticed Grum
  6946 | D:8      | Killed Grum
  7051 | D:8      | Noticed Joseph
  7304 | D:9      | You fall into a shaft and drop 1 floor!
  7304 | D:10     | Entered Level 10 of the Dungeon
  7361 | D:10     | Noticed Erolcha
  7373 | D:10     | Slain by a troll

Illustrated notes

Levels and vault maps discovered:
D:1:      lemuel_arrival_muddy, layout_basic,
          ebering_ecumenical_altar_petrified, serial_shops,
          nicolae_shop_industrial_runoff, nicolae_book_shop_shelving,
          nicolae_lakefront_shop, nicolae_shop_bloodbath_and_beyond, shop
D:2:      layout_rooms, minmay_tetromino_t4
D:3:      layout_rooms
D:4:      layout_cave_pools, uniq_blork_the_orc
D:5:      layout_loops_ring, minitemple, uniq_grinder
D:6:      layout_rooms, chequers_temple_overflow_statue_of_worship,
          minivault_22, grunt_ministairs_9
D:7:      layout_gridville, minmay_temple_entry_statues,
          gammafunk_ghost_gnarly_gnolls, minivault_27
D:8:      layout_rooms, uniq_joseph, uniq_pikel, uniq_grum
D:9:      wad_pebble_path, layout_long_grid, erik_lair_orcish_takeover
D:10:     layout_rooms, fungi_pond_lemuel, minmay_door_square,
          grunt_ministairs_7, uniq_erolcha

Skill      XL: |  1  2  3  4  5  6  7  8  9 10 |
---------------+-------------------------------+-----
Unarmed Combat | 3 4 5 6 8 |  8.8
Fighting       | 3 4 5 6 |  6.1
Dodging        | 3 4 |  4.0
Shapeshifting  | 4 5 6 7 |  7.7
Invocations    | 2 4 |  4.9
Ranged Weapons | 2 |  2.1

Action                     |  1- 3 |  4- 6 |  7- 9 | 10-12 || total
---------------------------+-------+-------+-------+-------++-------
  Melee: Unarmed           |    40 |    99 |   176 |    28 ||   343
         Constrict         |    13 |    24 |    46 |     6 ||    89
         Tentacles         |     8 |    20 |    37 |     7 ||    72
         Punch             |     2 |     3 |    12 |       ||    17
   Fire: Orcbow            |       |       |    10 |     9 ||    19
  Throw: Stone             |       |       |     1 |       ||     1
         Boomerang         |       |       |    10 |       ||    10
  Evoke: Wand              |       |       |       |     2 ||     2
    Use: Potion            |       |     1 |       |       ||     1
   Stab: Sleeping          |     2 |     5 |     3 |       ||    10
         Distracted        |       |       |       |     1 ||     1
 Armour: Skin              |     3 |    55 |     9 |     2 ||    69
  Dodge: Dodged            |    16 |    62 |   100 |    17 ||   195

Table legend: (Time is in decaauts)
 A = Elapsed time spent in this place.
 B = Non-inter-level travel time spent in this place.
 C = Inter-level travel time spent in this place.
 D = Time resting spent in this place.
 E = Time spent auto-exploring this place.
 F = Levels seen in this place.
 G = Mean time per level.
                   A        B        C        D        E       F      G
               +--------+--------+--------+--------+--------+-----+--------+
         Total |   8125 |   7676 |    449 |   1251 |   4408 |  10 |  812.5 |
       Dungeon |   8125 |   7676 |    449 |   1251 |   4408 |  10 |  812.5 |
               +--------+--------+--------+--------+--------+-----+--------+

Top non-repeatable levels by time:
     D:5: 1218 daAuts
     D:1: 1064 daAuts
     D:8: 1056 daAuts
     D:4: 1056 daAuts
     D:6: 973 daAuts
     D:7: 944 daAuts
     D:3: 771 daAuts
     D:2: 703 daAuts
     D:9: 249 daAuts
    D:10: 88 daAuts
